 Dungeon Crawl Stone Soup version 0.21-a0-471-gd587bd5 (webtiles) character file.

60 kae the Insei (level 3, -3/29 HPs)
             Began as a Draconian Transmuter on Nov 21, 2017.
             Slain by an orc
             ... wielding a +0 flail
              (6 damage)
             ... on level 3 of the Dungeon.
             The game lasted 00:01:39 (1141 turns).

kae the Insei (Draconian Transmuter)                Turns: 1141, Time: 00:01:40

Health: -3/29      AC:  5    Str: 12    XL:     3   Next: 82%
Magic:  6/6        EV: 12    Int: 13    God:
Gold:   60         SH:  0    Dex: 12    Spells: 0/6 levels left

rFire    . . .     SeeInvis .   g - +0 whip
rCold    . . .     Gourm    .   (no shield)
rNeg     . . .     Faith    .   (armour unavailable)
rPois    .         Spirit   .   (helmet restricted)
rElec    .         Reflect  .   (no cloak)
rCorr    .         Harm     .   (no gloves)
MR       .....                  (no boots)
Stlth    +.........             (no amulet)
HPRegen  0.09/turn              (no ring)
MPRegen  0.10/turn              (no ring)

@: lethally poisoned (-3 -> -6)
A: unfitting armour, cold-blooded, AC +5
a: no special abilities


You were on level 3 of the Dungeon.
You were not hungry.

You visited 1 branch of the dungeon, and saw 3 of its levels.

You collected 60 gold pieces.

Inventory:

Hand Weapons
 e - a +0 short sword
 g - a +0 whip (weapon)
Missiles
 a - 21 arrows
Scrolls
 i - a scroll of remove curse
 k - a scroll of immolation
Books
 b - a book of Changes

   Spells                             Type                      Level
   a - Beastly Appendage              Transmutation                1
   b - Sticks to Snakes               Transmutation                2
   c - Spider Form                    Transmutation/Poison         3
   d - Ice Form                       Ice/Transmutation            4
   e - Blade Hands                    Transmutation                5
Comestibles
 c - 2 bread rations
 d - 3 royal jellies
 f - a chunk of flesh


   Skills:
 + Level 1.9 Fighting
 - Level 1.7 Dodging
 * Level 3.6 Unarmed Combat
 + Level 2.4 Spellcasting
 * Level 2.9 Transmutations


You couldn't memorise any spells.
You knew the following spells:

 Your Spells              Type           Power        Failure   Level  Hunger
a - Beastly Appendage     Tmut           #.....       8%          1    #......
b - Sticks to Snakes      Tmut           #.......     11%         2    ###....
c - Spider Form           Tmut/Pois      #.........   38%         3    ###....


Dungeon Overview and Level Annotations

Branches:
Dungeon (3/15)

Altars:


Innate Abilities, Weirdness & Mutations

Your plain brown scales are hard. (AC +5)
You cannot fit into any form of body armour.
You are cold-blooded and may be slowed by cold attacks.


Message History

* * * LOW HITPOINT WARNING * * *
You feel sick.
The jackal bites you but does no damage.
* * * LOW HITPOINT WARNING * * *
You feel sick. The jackal barely misses you.
There is a stone staircase leading down here.
The jackal barely misses you. The adder bites you but does no damage.
The jackal barely misses you.
You climb downwards.
A jackal, a giant cockroach, a hobgoblin and an orc come into view.
Your talons disappear.
The hobgoblin shouts!
The jackal barks!
You hear a bark!
Found 12 gold pieces.
There is a stone staircase leading up here.
Unknown command.
Unknown command.
The adder barely misses you.
The jackal bites you but does no damage.
The orc hits you with a flail.
You die...

######
#....##
#.....#$.
#........
#@o......
#Sh.....h
.........
..s.....##
.....g...#
.........##
..##.....##
### #######


You could see an adder, an orc, 2 jackals, a giant cockroach and a hobgoblin.

Vanquished Creatures
  A gnoll (D:1)
  2 oozes (D:1)
  2 dart slugs
  2 leopard geckos
  3 bats (D:1)
  A bat zombie (D:1)
  2 giant cockroaches (D:1)
  6 goblins (D:1)
  4 hobgoblins (D:1)
  A jackal (D:2)
  3 kobolds (D:1)
  A quokka (D:2)
  A quokka zombie (D:1)
  5 rats
34 creatures vanquished.

Notes
Turn   | Place    | Note
-------+----------+-------------------------------------------
     0 | D:1      | kae the Draconian Transmuter began the quest for the Orb.
     0 | D:1      | Reached XP level 1. HP: 16/16 MP: 3/3
   254 | D:1      | Reached XP level 2. HP: 18/23 MP: 3/5
   520 | D:1      | Reached XP level 3. HP: 23/29 MP: 4/6
   622 | D:1      | Learned a level 2 spell: Sticks to Snakes
   626 | D:1      | Learned a level 3 spell: Spider Form
  1141 | D:3      | Slain by an orc

Vault maps used:
D:1:      saegor_arrival_fortress
D:3:      kennysheep_generic_room_15, uniq_jessica

Action                   || total
-------------------------++-------
Melee: Short sword       ||    27
       Unarmed           ||    12
       Tailslap          ||    20
       Punch             ||     3
       Headbutt          ||     1
       Whip              ||    84
       Kick              ||     7
 Cast: Beastly Appendage ||     7
  Use: Scroll            ||     5
  Eat: Chunk             ||     1
Armor: Skin              ||    45
Dodge: Dodged            ||    99

Table legend:
 A = Spawn XP
 B = Non-spawn XP
 C = Spawn XP percentage of total XP
 D = Spawn monster count
 E = Non-spawn monster count
 F = Spawn count percentage of total count
 G = Total turns spent on level
                    A         B        C        D         E        F      G
               +---------+---------+-------+---------+---------+-------+---------
         Total |       0 |      87 |   0.0 |       0 |      34 |   0.0 |  1141
               +---------+---------+-------+---------+---------+-------+---------
           D:1 |       0 |      75 |   0.0 |       0 |      29 |   0.0 |  1013
           D:2 |       0 |      12 |   0.0 |       0 |       5 |   0.0 |   127
               +---------+---------+-------+---------+---------+-------+---------
